 Dungeon Crawl Stone Soup version 0.30-a0-305-g026cb31310 (webtiles) character file.

Game seed: 13122853570548428228

13009 hikkokomori the Zephyrmancer (level 12, -15/74 HPs)
             Began as a Tengu Air Elementalist on Oct 21, 2022.
             Was a High Priest of Nemelex Xobeh.
             Demolished by an enormous slime creature (70 damage)
             ... on level 12 of the Dungeon on Oct 22, 2022.
             The game lasted 00:56:53 (11255 turns).

hikkokomori the Zephyrmancer (TeAE)                Turns: 11255, Time: 00:56:55

Health: -15/74     AC:  6    Str:  9    XL:     12   Next: 1%
Magic:  5/5        EV: 22    Int: 19    God:    Nemelex Xobeh [*****.]
Gold:   325        SH: 13    Dex: 22    Spells: 1/15 levels left

rFire   . . .      SeeInvis +    F - +5 trident (antimagic)
rCold   . . .      Faith    .    B - +2 buckler
rNeg    . . .      Spirit   .    E - +2 robe {Will+}
rPois   .          Reflect  +    (helmet restricted)
rElec   .          Harm     .    K - +1 cloak
rCorr   .          Rampage  .    (no gloves)
Will    +....                    (boots unavailable)
Stlth   +++.......               y - amulet of reflection
HPRegen 0.32/turn                n - +6 ring of dexterity
MPRegen 0.09/turn                J - ring of see invisible

@: flying quickly and evasively, quick
A: beak, talons 3, nimble flight
a: Renounce Religion, Draw Escape, Draw Destruction, Draw Summoning, Triple
Draw, Deal Four, Stack Five


You were on level 12 of the Dungeon.
You worshipped Nemelex Xobeh.
Nemelex Xobeh was extremely pleased with you.
You visited 1 branch of the dungeon, and saw 12 of its levels.

You collected 405 gold pieces.
You spent 80 gold pieces at shops.

Inventory:

Hand Weapons
 h - a +2 whip of holy wrath
 p - a +2 war axe of electrocution
 F - a +5 antimagic trident (weapon)
 N - the +3 sling "Beetlebane" {vorpal, rPois rC+ Int+2 Dex+4}
   (You found it on level 8 of the Dungeon)

   Any ammunition fired from it inflicts extra damage upon your enemies.
   Int:       It affects your intelligence (+2).
   Dex:       It affects your dexterity (+4).
   rC:        It protects you from cold.
   rPois:     It protects you from poison.
Missiles
 L - 6 curare-tipped darts
Armour
 a - a +0 robe
 B - a +2 buckler (worn)
 C - a +0 ring mail of fire resistance
 E - a +2 robe of willpower (worn)
 K - a +1 cloak (worn)
 Q - +0 steam dragon scales
Magical Staves
 t - a staff of earth
Jewellery
 d - a ring of ice
 n - a +6 ring of dexterity (left hand)
 y - an amulet of reflection (around neck)
 D - a +6 ring of dexterity
 J - a ring of see invisible (right hand)
 R - a ring of fire
Wands
 k - a wand of roots (11)
 v - a wand of polymorph (17)
 P - a wand of flame (23)
Scrolls
 j - 2 scrolls of blinking
 l - a scroll of amnesia
 q - 2 scrolls of poison
 u - a scroll of identify
 w - a scroll of teleportation
 x - a scroll of vulnerability
 G - a scroll of torment {unknown}
 H - 2 scrolls of enchant armour
 M - a scroll of butterflies
 O - a scroll of fear
Potions
 b - 2 potions of magic
 c - 3 potions of might
 e - 3 potions of lignification
 f - a potion of haste
 g - a potion of degeneration {unknown}
 i - a potion of cancellation {unknown}
 m - 3 potions of attraction
 o - 3 potions of curing
 r - 2 potions of ambrosia
 s - 2 potions of mutation
 z - 2 potions of heal wounds
 A - a potion of berserk rage {unknown}
 I - 5 potions of brilliance


   Skills:
 + Level 8.2 Fighting
 + Level 6.8 Polearms
 - Level 9.2 Dodging
 - Level 5.5 Stealth
 - Level 5.5 Shields
 - Level 2.3 Spellcasting
 + Level 6.2 Conjurations
 - Level 6.3 Summonings
 + Level 11.7 Air Magic
 + Level 1.8 Invocations


You had one spell level left.
You knew the following spells:

 Your Spells              Type           Power      Damage    Failure   Level
a - Shock                 Conj/Air       100%       1d9       1%          1
b - Summon Lightning Spi  Summ/Air       36%        N/A       4%          4
c - Airstrike             Air            23%        2d(4-20)  1%          4
d - Arcjolt               Conj/Air       18%        1d28      14%         5

Your spell library contained the following spells:

 Spells                   Type           Power      Damage    Failure   Level
 Beastly Appendage        Tmut           4%         N/A       21%         1
 Static Discharge         Conj/Air       72%        2-5/arc   1%          2
 Swiftness                Air            46%        N/A       1%          3
 Vhi's Electric Charge    Tloc/Air       48%        N/A       5%          3
 Lightning Bolt           Conj/Air       18%        1d32      14%         5
 Hailstorm                Conj/Ice       14%        3d5       17%         3
 Wereblood                Tmut           2%         N/A       30%         2
 Inner Flame              Hex/Fire       2%         N/A       52%         3
 Cause Fear               Hex            1%         N/A       90%         4
 Ice Form                 Ice/Tmut       2%         N/A       90%         4
 Simulacrum               Ice/Necr       1%         N/A       100%        6
 Storm Form               Tmut/Air       12%        N/A       100%        7
 Discord                  Hex            1%         N/A       100%        8
 Infestation              Necr           1%         N/A       100%        8
 Maxwell's Capacitive Co  Air            23%        ∞         100%        8
 Death's Door             Necr           1%         N/A       100%        9


Dungeon Overview and Level Annotations

Branches:
Dungeon (12/15)            Temple (0/1) D:6            Lair (0/5) D:9
    Orc: D:9-12

Altars:
Cheibriados
Nemelex Xobeh
Qazlal
Trog
Vehumet

Shops:
D:2 (   D:3 (   D:8 [   D:10 !

Annotations:
D:4 Menkaure


Innate Abilities, Weirdness & Mutations

You have a beak for a mouth.
You have claws for feet.
Your magical nature lets you fly swiftly and evasively.


Message History

A slime creature comes into view.
The slime creature quivers.
Two slime creatures merge to form a large slime creature.
You reach to attack!
The helpless slime creature fails to defend itself.
You puncture the slime creature!
The slime creature is moderately wounded.
Two slime creatures merge to form a very large slime creature.
You hit the slime creature. You claw the slime creature.
You peck the slime creature.
The slime creature is moderately wounded.
You block the slime creature's attack.
You puncture the slime creature! You claw the slime creature.
Your peck misses the slime creature.
The slime creature is heavily wounded.
The slime creature closely misses you.
Two slime creatures merge to form an enormous slime creature.
You hit the enormous slime creature. You claw the enormous slime creature!
The enormous slime creature is lightly wounded.
You hit the enormous slime creature.
The enormous slime creature is lightly wounded.
The enormous slime creature closely misses you.
You hit the enormous slime creature.
You claw the enormous slime creature, but do no damage.
The enormous slime creature is lightly wounded.
You block the enormous slime creature's attack.
You barely miss the enormous slime creature.
The enormous slime creature is lightly wounded.
The enormous slime creature misses you.
You puncture the enormous slime creature!
You claw the enormous slime creature. You peck the enormous slime creature.
The enormous slime creature is moderately wounded.
The enormous slime creature hits you!!
You hit the enormous slime creature. You claw the enormous slime creature.
You peck the enormous slime creature, but do no damage.
The enormous slime creature is moderately wounded.
The enormous slime creature hits you!!!
Ouch! That really hurt!
You die...
Your body glows with a rainbow of weird colours and disappears.

######.# #.#..#.....#
######.# #.#..#######
.......# #.#..#
######## #.#..## .#
#.....# .####
####.....#
....####........#
.#..............#######
.#..####.##.....@J....#
...............######.#
##..####.####.## #..#
#.# #.# #..# ..# #[#
...# .## #.# ...# . #.#


You could see an enormous slime creature.

Vanquished Creatures
  A two-headed ogre (D:9)
  A manticore (D:12)
  2 gargoyles (D:10)
  2 komodo dragons (D:10)
  3 unseen horrors
  2 trolls
  Prince Ribbit (D:7)
  2 slime creatures (D:12)
  A wyvern (D:10)
  Sigmund (D:2)
  A vampire (D:11)
  2 wraiths
  A vampire mosquito (D:6)
  2 steam dragons
  A warg (D:7)
  3 water moccasins
  An orc warrior (D:8)
  2 black bears
  2 ice beasts
  2 centaurs
  A phantom (D:11)
  A kobold brigand (D:8)
  5 bullfrogs
  Blork the orc (D:6)
  3 necrophages
  2 gnoll sergeants (D:6)
  3 scorpions
  5 wights (D:7)
  4 killer bees (D:10)
  2 howler monkeys
  2 jellies
  2 orc priests
  2 hounds (D:5)
  Jessica (D:2)
  4 iguanas
  7 orc wizards
  10 gnolls
  2 adders (D:3)
  A river rat (D:7)
  2 shadow imps
  A white imp (D:6)
  3 ufetubi
  A worm (D:5)
  4 dart slugs
  10 orcs
  6 ball pythons
  3 endoplasms
  A giant cockroach (D:4)
  8 hobgoblins
  2 jackals (D:1)
  9 kobolds
  3 quokkas
  10 bats
  3 frilled lizards
  5 goblins
  2 rats (D:3)
164 creatures vanquished.

Vanquished Creatures (collateral kills)
  2 two-headed ogres
  Pikel (D:9)
  A manticore (D:11)
  A cyclops (D:10)
  An elephant (D:9)
  A rust devil (D:5)
  An unseen horror (D:11)
  A vampire (D:11)
  A yak (D:9)
  A basilisk (D:9)
  A vampire mosquito (D:6)
  A steam dragon (D:9)
  An acid dragon (D:11)
  2 water moccasins
  2 phantoms
  2 kobold brigands (D:9)
  A gnoll sergeant (D:8)
  A gnoll bouda (D:7)
  A jelly (D:5)
  12 gnolls
  6 orcs
  11 kobolds
52 creatures vanquished.

Vanquished Creatures (others)
  2 kobolds
  2 withered plants (D:1)
4 creatures vanquished.

Grand Total: 220 creatures vanquished

Notes
Turn   | Place    | Note
-------+----------+-------------------------------------------
     0 | D:1      | hikkokomori the Tengu Air Elementalist began the quest for
                  | the Orb.
     0 | D:1      | Reached XP level 1. HP: 10/10 MP: 4/4
   183 | D:1      | Found a faded altar of an unknown god.
   190 | D:1      | Prayed at the altar of an unknown god.
   190 | D:1      | Became a worshipper of Nemelex Xobeh the Trickster
   190 | D:1      | Reached * piety under Nemelex Xobeh
   190 | D:1      | Received a gift from Nemelex Xobeh
   263 | D:1      | Reached XP level 2. HP: 15/15 MP: 0/6
   680 | D:1      | Received a gift from Nemelex Xobeh
   865 | D:2      | Noticed Jessica
   877 | D:2      | Killed Jessica
   878 | D:2      | Reached XP level 3. HP: 2/19 MP: 7/7
   983 | D:2      | Noticed Sigmund
   996 | D:2      | Killed Sigmund
   997 | D:2      | Reached skill level 1 in Fighting
   997 | D:2      | Reached skill level 5 in Air Magic
   997 | D:2      | Reached XP level 4. HP: 25/25 MP: 8/8
   997 | D:2      | Gained mutation: Your magical nature lets you fly swiftly
                  | and evasively. [Tengu growth]
   997 | D:2      | Reached XP level 5. HP: 29/29 MP: 9/9
  1126 | D:2      | Found Haocesue's Antique Weapon Emporium.
  1377 | D:2      | You are sucked into a shaft and drop 2 floors!
  1418 | D:3      | Reached ** piety under Nemelex Xobeh
  1418 | D:3      | Found Qeiton's Antique Weapon Boutique.
  1747 | D:3      | Reached XP level 6. HP: 35/35 MP: 10/10
  1879 | D:3      | Received a gift from Nemelex Xobeh
  2230 | D:3      | Learned a level 4 spell: Summon Lightning Spire
  2338 | D:4      | Noticed Menkaure
  2348 | D:5      | Entered Level 5 of the Dungeon
  2516 | D:5      | Reached skill level 1 in Summonings
  2678 | D:5      | Reached *** piety under Nemelex Xobeh
  2703 | D:5      | Reached XP level 7. HP: 33/40 MP: 11/11
  2760 | D:5      | Noticed Grinder
  2770 | D:5      | Grinder changed into Grinder the rust devil
  2770 | D:5      | Noticed Grinder
  2801 | D:5      | Killed Grinder the rust devil
  2802 | D:5      | Reached skill level 6 in Air Magic
  2975 | D:5      | Reached XP level 8. HP: 43/46 MP: 12/12
  3055 | D:5      | Reached skill level 5 in Dodging
  3132 | D:5      | Reached skill level 5 in Stealth
  3137 | D:5      | Learned a level 4 spell: Airstrike
  3590 | D:6      | Reached skill level 7 in Air Magic
  3669 | D:6      | Found a staircase to the Ecumenical Temple.
  4072 | D:6      | Reached XP level 9. HP: 52/52 MP: 13/13
  4080 | D:6      | Reached skill level 1 in Shields
  4233 | D:6      | Noticed Blork the orc
  4240 | D:6      | Killed Blork the orc
  4241 | D:6      | Reached skill level 5 in Summonings
  4333 | D:6      | Reached skill level 8 in Air Magic
  4454 | D:6      | Reached **** piety under Nemelex Xobeh
  4473 | D:6      | Reached skill level 5 in Fighting
  4666 | D:7      | Noticed Prince Ribbit
  4677 | D:7      | Killed Prince Ribbit
  4738 | D:7      | Reached skill level 1 in Polearms
  5107 | D:7      | Found a stormy altar of Qazlal.
  5577 | D:7      | Reached XP level 10. HP: 51/60 MP: 4/14
  5694 | D:7      | Reached skill level 9 in Air Magic
  5875 | D:7      | Found a bloodstained altar of Trog.
  5875 | D:7      | Found a sparkling altar of Nemelex Xobeh.
  6115 | D:8      | Identified the +3 sling "Beetlebane" {vorpal, rPois rC+
                  | Int+2 Dex+4}
  6130 | D:8      | Found Gegha's Armour Emporium.
  6204 | D:8      | Found a snail-covered altar of Cheibriados.
  6211 | D:8      | Found a radiant altar of Vehumet.
  6257 | D:8      | Noticed a two-headed ogre
  6266 | D:8      | Killed a two-headed ogre
  7120 | D:9      | Noticed a two-headed ogre
  7258 | D:9      | Noticed Pikel
  7273 | D:9      | Killed Pikel
  7274 | D:9      | Reached skill level 10 in Air Magic
  7334 | D:9      | Found a staircase to the Lair.
  7334 | D:9      | Noticed an elephant
  7353 | D:9      | Killed an elephant
  7354 | D:9      | Reached skill level 5 in Shields
  7354 | D:9      | Reached XP level 11. HP: 67/67 MP: 4/15
  7439 | D:9      | Got Sif Muna's Omnibus of the Mortuary and Moulding
  7488 | D:9      | Identified the +1 short sword of Gravity {freeze, Str+3
                  | Dex+4 Stlth-}
  7502 | D:9      | Received a gift from Nemelex Xobeh
  7671 | D:9      | Reached skill level 5 in Polearms
  7829 | D:9      | Killed a two-headed ogre
  8173 | D:10     | Entered Level 10 of the Dungeon
  8185 | D:10     | Learned a level 5 spell: Arcjolt
  8409 | D:10     | Reached ***** piety under Nemelex Xobeh
  8452 | D:10     | Noticed a cyclops
  8544 | D:10     | Found Xoyvil's Distillery.
  8587 | D:10     | Received a gift from Nemelex Xobeh
  8615 | D:10     | Bought a potion of heal wounds for 80 gold pieces
  9089 | D:10     | Killed a cyclops
  9090 | D:10     | Reached skill level 11 in Air Magic
  9461 | D:11     | Noticed a manticore
  9472 | D:11     | Killed a manticore
  9473 | D:11     | Reached skill level 5 in Conjurations
  9653 | D:11     | Noticed a two-headed ogre
  9662 | D:11     | Killed a two-headed ogre
  9790 | D:11     | Received a gift from Nemelex Xobeh
 10618 | D:11     | Reached skill level 1 in Invocations
 10843 | D:12     | Noticed a manticore
 10858 | D:12     | Killed a manticore
 11140 | D:12     | Reached XP level 12. HP: 41/74 MP: 5/16
 11255 | D:12     | Demolished by an enormous slime creature

Illustrated notes

Levels and vault maps discovered:
D:1:      minmay_arrival_jagged, layout_basic,
          ebering_ecumenical_altar_petrified
D:2:      layout_loops_ring, serial_shops, shop, uniq_jessica, uniq_sigmund
D:3:      layout_rooms, serial_shops, shop, grunt_decor_one_mirror,
          minmay_quadrilaterals
D:4:      layout_loops_ring, minmay_manual_moon, uniq_menkaure, uniq_robin
D:5:      layout_gridville, chequers_serial_rivers_marsh, grunt_ministairs_15,
          uniq_grinder
D:6:      layout_basic, minmay_temple_entry_stoned_glass, grunt_ministairs_11,
          grunt_decor_cap, nrook_mini_backslash, kennysheep_generic_room_2,
          uniq_blork_the_orc
D:7:      layout_basic, lemuel_doored_altar, gammafunk_temple_overflow_wave,
          minmay_hedge_maze, uniq_prince_ribbit1
D:8:      layout_loops_ring, mainiacjoe_overflow_big_doors, serial_shops,
          nicolae_take_the_stairs
D:9:      layout_small_grid, david_lair_generic, uniq_pikel
D:10:     layout_roguey, serial_shops, nicolae_inconvenience_store
D:11:     layout_basic, serial_curves, eino_curves_01, eino_curves_03,
          eino_curves_03, hangedman_batty
D:12:     layout_loops_ring, orc_0_dummy, okawaru_ov_weapons_minmay

Skill      XL: |  1  2  3  4  5  6  7  8  9 10 11 |
---------------+----------------------------------+-----
Conjurations   | 2 3 6 |  6.2
Fighting       | 1 2 3 4 5 7 8 |  8.2
Dodging        | 3 4 5 7 8 9 |  9.2
Stealth        | 3 4 5 |  5.5
Air Magic      | 5 6 7 8 10 11 | 11.7
Summonings     | 1 2 4 6 |  6.3
Shields        | 3 5 |  5.5
Polearms       | 2 4 6 |  6.8
Invocations    | 1 |  1.8
Spellcasting   | |  2.3

Action                   |  1- 3 |  4- 6 |  7- 9 | 10-12 || total
-------------------------+-------+-------+-------+-------++-------
Melee: Unarmed           |     4 |       |       |       ||     4
       Kick              |     5 |    23 |    48 |   100 ||   176
       Spear             |    17 |       |       |       ||    17
       Peck              |     2 |    12 |    42 |    68 ||   124
       Whip              |     1 |     2 |     8 |       ||    11
       Halberd           |       |    73 |       |       ||    73
       War axe           |       |     7 |    77 |       ||    84
       Trident           |       |       |    88 |   299 ||   387
 Fire: Sling             |       |       |       |    35 ||    35
Throw: Dart              |       |       |       |     2 ||     2
 Cast: Shock             |    16 |       |       |       ||    16
       Summon Lightning  |       |       |     5 |    22 ||    27
Invok: Draw Destruction  |     4 |       |    15 |     1 ||    20
       Draw Escape       |     1 |       |     4 |     1 ||     6
       Draw Summoning    |       |     1 |     1 |     1 ||     3
Evoke: Wand              |       |       |     6 |     7 ||    13
  Use: Potion            |     1 |     1 |     4 |     3 ||     9
       Scroll            |       |     5 |     3 |    13 ||    21
 Stab: Sleeping          |     2 |     7 |     7 |    12 ||    28
       Distracted        |       |     2 |     1 |     5 ||     8
Armor: Robe              |     4 |     7 |     5 |    28 ||    44
       Skin              |       |     1 |       |       ||     1
       Ring mail         |       |       |     3 |       ||     3
Dodge: Dodged            |    13 |    81 |   130 |   195 ||   419
Block: Buckler           |       |       |    84 |   161 ||   245
       Reflection        |       |       |     1 |    12 ||    13

Table legend: (Time is in decaauts)
 A = Elapsed time spent in this place.
 B = Non-inter-level travel time spent in this place.
 C = Inter-level travel time spent in this place.
 D = Time resting spent in this place.
 E = Time spent auto-exploring this place.
 F = Levels seen in this place.
 G = Mean time per level.
                   A        B        C        D        E       F      G
               +--------+--------+--------+--------+--------+-----+--------+
         Total |  10768 |  10466 |    302 |    651 |   7657 |  12 |  897.3 |
       Dungeon |  10768 |  10466 |    302 |    651 |   7657 |  12 |  897.3 |
               +--------+--------+--------+--------+--------+-----+--------+

Top non-repeatable levels by time:
     D:7: 1348 daAuts
    D:11: 1293 daAuts
    D:10: 1200 daAuts
     D:5: 1164 daAuts
     D:6: 1057 daAuts
     D:8: 1028 daAuts
     D:9: 983 daAuts
     D:1: 826 daAuts
     D:2: 690 daAuts
     D:3: 625 daAuts
    D:12: 427 daAuts
     D:4: 124 daAuts
